Map: Hills of Peshkov

Players

SekuLarac

  • Race: Protoss Protoss
  • League: Gold
  • Spawn Location: 6:00

Will

  • Race: Zerg Zerg
  • Spawn Location: 7:00

kibae

  • Race: Protoss Protoss
  • Spawn Location: 5:00

JohnMcClane

  • Race: Zerg Zerg
  • Spawn Location: 1:00

MadDog

  • Race: Zerg Zerg
  • Spawn Location: 12:00

Hindulaatti

  • Race: Terran Terran
  • Spawn Location: 11:00

VOD

Have the link to the VOD?

Description

Time

  • Played on: Feb. 1, 2016, 10:54 a.m.
  • Length: 21:07
Show
View Real Time Build Order
Export as new Build Order

SekuLarac Protoss 

Build Orders:  

Get SALT Encoding   

  12  0:02  Probe (Chrono Boost)  
  13  0:13  Probe (Chrono Boost)  
  14  0:28  Pylon  
  14  0:31  Probe (Chrono Boost)  
  15  0:35  Assimilator  
  15  0:46  Probe (Chrono Boost)  
  16  0:50  Forge  
  16  0:56  Probe (Chrono Boost)  
  17  1:03  Gateway  
  17  1:09  Probe (Chrono Boost)  
  18  1:19  Probe (Chrono Boost)  
  18  1:23  Pylon  
  19  1:28  Photon Cannon  
  19  1:33  Probe (Chrono Boost)  
  20  2:03  Probe (Chrono Boost)  
  21  2:13  Probe (Chrono Boost), Nexus  
  22  2:20  Photon Cannon  
  22  2:24  Probe (Chrono Boost)  
  23  2:34  Probe (Chrono Boost)  
  24  2:39  Gateway  
  24  2:45  Probe (Chrono Boost)  
  24  2:50  Cybernetics Core  
  25  2:55  Zealot  
  27  3:16  Probe (Chrono Boost)  
  28  3:21  Assimilator  
  28  3:25  Pylon  
  29  3:27  Probe (Chrono Boost)  
  29  3:29  Warp Gate  
  29  3:34  Pylon  
  29  3:37  Probe (Chrono Boost)  
  29  3:38  Probe (Chrono Boost)  
  31  3:44  Adept  
  31  3:45  Adept  
  31  3:48  Probe x2 (Chrono Boost)  
  36  3:52  Robotics Facility  
  37  3:58  Pylon  
  37  4:03  Probe x2 (Chrono Boost)  
  39  4:13  Photon Cannon  
  37  4:24  Stalker  
  37  4:25  Stalker  
  41  4:42  Mothership Core (Chrono Boost)  
  39  5:00  Stalker x2  
  39  5:02  Immortal  
  47  5:11  Probe x2 (Chrono Boost)  
  49  5:17  Assimilator x2  
  49  5:21  Probe (Chrono Boost)  
  49  5:24  Pylon  
  49  5:25  Probe (Chrono Boost)  
  51  5:29  Pylon  
  51  5:32  Pylon  
  51  5:52  Protoss Ground Weapons Level 1  
  51  5:54  Immortal  
  55  6:24  Probe x2 (Chrono Boost)  
  57  6:34  Probe x2 (Chrono Boost)  
  57  6:35  Robotics Bay  
  57  6:39  Robotics Facility  
  59  6:40  Robotics Facility  
  59  6:45  Probe x2 (Chrono Boost)  
  61  6:54  Zealot x2  
  65  7:10  Immortal  
  69  7:23  Pylon, Stalker x2  
  69  7:27  Pylon  
  69  7:29  Pylon  
  73  7:43  Extended Thermal Lance  
  73  7:46  Immortal  
  73  7:49  Colossus  
  83  8:06  Nexus  
  83  8:12  Observer  
  84  8:16  Probe  
  84  8:18  Probe  
  86  8:27  Probe  
  87  8:51  Stalker x2  
  87  8:54  Gateway  
  91  8:57  Gateway  
  91  8:59  Gateway  
  91  9:01  Gateway  
  91  9:02  Probe  
  91  9:03  Probe  
  91  9:04  Gateway  
  91  9:08  Gateway  
  91  9:09  Assimilator  
  93  9:11  Assimilator  
  93  9:12  Probe  
  93  9:15  Probe, Photon Cannon  
  95  9:23  Observer Gravitic Boosters  
  81  9:42  Disruptor (Chrono Boost)  
  81  9:43  Disruptor (Chrono Boost)  
  90  9:48  Disruptor (Chrono Boost)  
  90  9:54  Zealot x2  
  94  10:16  Stalker x3  
  64  10:53  Immortal x2 (Chrono Boost)  
  76  10:58  Immortal (Chrono Boost)  
  76  11:16  Photon Cannon  
  76  11:17  Photon Cannon  
  73  11:21  Photon Cannon x2  
  73  11:24  Photon Cannon x2  
  71  11:26  Photon Cannon  
  71  11:27  Immortal x2 (Chrono Boost)  
  71  11:28  Photon Cannon  
  71  11:31  Pylon  
  71  11:32  Pylon  
  82  11:37  Immortal (Chrono Boost)  
  82  11:46  Mothership Core  
  84  12:00  Pylon  
  84  12:01  Immortal (Chrono Boost), Disruptor (Chrono Boost)  
  94  12:16  Disruptor (Chrono Boost)  
  94  12:26  Pylon  
  94  12:29  Pylon  
  94  12:32  Pylon, Disruptor (Chrono Boost)  
  94  12:35  Disruptor (Chrono Boost)  
  100  12:55  Photon Cannon x2  
  100  12:57  Photon Cannon  
  100  13:00  Photon Cannon  
  100  13:02  Photon Cannon  
  100  13:03  Stalker  
  100  13:04  Stalker, Photon Cannon  
  104  13:06  Photon Cannon  
  104  13:09  Photon Cannon  
  71  14:21  Stalker  
  71  14:22  Stalker x5  
  71  14:43  Colossus x2 (Chrono Boost)  
  89  14:49  Protoss Ground Armor Level 1  
  89  14:51  Colossus (Chrono Boost)  
  69  15:16  Zealot x3  
  69  15:17  Zealot x3  
  81  15:27  Twilight Council  
  81  15:29  Colossus (Chrono Boost)  
  81  15:30  Colossus (Chrono Boost)  
  99  15:44  Colossus (Chrono Boost)  
  97  16:16  Immortal (Chrono Boost)  
  97  16:17  Immortal (Chrono Boost)  
  105  16:23  Zealot  
  105  16:24  Zealot x5  
  111  16:36  Immortal (Chrono Boost)  
  105  16:51  Immortal (Chrono Boost)  
  90  17:01  Observer (Chrono Boost)  
  87  17:15  Zealot x3  
  92  17:20  Observer (Chrono Boost)  
  57  17:39  Observer (Chrono Boost)  
  58  18:03  Pylon  
  58  18:05  Pylon  
  58  18:08  Pylon  
  58  18:10  Pylon  
  52  18:21  Colossus (Chrono Boost)  
  64  18:27  Immortal (Chrono Boost)  
  62  18:43  Zealot x2  
  54  19:13  Zealot  
  54  19:14  Zealot x3  
  28  20:19  Nexus  
  28  20:58  Pylon  
  28  21:01  Pylon  
  28  21:02  Pylon  
Show
View Real Time Build Order
Export as new Build Order

Will Zerg 

Build Orders: Hatch First 

Get SALT Encoding   

  12  0:01  Drone  
  13  0:13  Overlord  
  13  0:18  Drone  
  14  0:36  Drone x3  
  17  0:47  Drone  
  18  0:59  Hatchery  
  18  1:01  Drone  
  18  1:19  Drone  
  18  1:24  Drone, Spawning Pool  
  19  1:29  Extractor  
  19  1:30  Drone  
  19  1:41  Drone  
  20  1:56  Drone  
  21  2:09  Drone, Extractor  
  21  2:12  Overlord  
  21  2:13  Queen x2  
  21  2:15  Drone  
  26  2:39  Drone x2  
  28  2:45  Zergling x8  
  32  3:03  Spore Crawler  
  32  3:05  Drone  
  32  3:10  Zergling x6  
  32  3:12  Metabolic Boost  
  34  3:18  Drone x2  
  36  3:27  Overlord  
  36  3:28  Overlord x2  
  36  3:38  Extractor  
  36  3:41  Extractor  
  34  3:43  Drone x3, Spore Crawler  
  36  3:51  Lair  
  36  3:53  Drone  
  37  3:57  Drone  
  38  4:13  Zergling x10  
  38  4:14  Zergling x2  
  44  4:18  Zergling x2  
  45  4:24  Zergling x2  
  45  4:25  Zergling x2  
  45  4:26  Zergling x2  
  48  4:33  Zergling x6  
  48  4:37  Drone  
  52  4:52  Zergling x8  
  54  5:09  Zergling x4  
  54  5:10  Zergling x6  
  59  5:45  Overlord x6  
  59  5:54  Overlord  
  58  5:57  Hatchery  
  45  6:11  Zergling x6  
  48  6:21  Spire  
  48  6:22  Spire  
  46  6:29  Infestation Pit  
  45  6:37  Evolution Chamber  
  44  6:44  Drone x5  
  44  6:45  Drone  
  50  6:59  Drone x4  
  54  7:10  Drone x4  
  58  7:22  Hive  
  58  7:24  Drone  
  58  7:26  Drone  
  60  7:31  Zerg Melee Weapons Level 1  
  60  7:39  Queen  
  60  7:41  Drone  
  60  7:42  Drone  
  53  8:15  Spine Crawler  
  53  8:16  Drone  
  53  8:17  Drone x8, Spine Crawler  
  53  8:18  Drone x3  
  63  8:25  Zerg Flyer Weapons Level 1  
  63  8:31  Zerg Flyer Armor Level 1  
  63  8:37  Evolution Chamber  
  62  8:44  Drone x3  
  62  8:45  Drone x4  
  69  8:51  Extractor  
  69  8:55  Extractor  
  67  8:56  Drone x6  
  67  9:01  Mutalisk  
  75  9:03  Mutalisk  
  75  9:08  Mutalisk x2  
  81  9:11  Mutalisk  
  83  9:37  Drone x2  
  85  9:42  Mutalisk x7  
  85  9:43  Mutalisk x3  
  89  10:16  Mutalisk x6  
  89  10:17  Mutalisk x2  
  89  10:19  Zergling x14  
  110  10:47  Mutalisk x5  
  120  10:51  Zergling x4  
  120  10:53  Overlord x2  
  114  11:16  Zergling x2  
  114  11:17  Zergling x14  
  114  11:18  Zergling x2  
  123  11:24  Overseer x2  
  123  11:26  Zerg Ground Armor Level 1  
  123  11:27  Zerg Melee Weapons Level 2  
  123  11:29  Zerg Flyer Weapons Level 2  
  123  11:40  Corruptor  
  123  11:41  Corruptor  
  123  11:43  Zergling x6  
  130  11:58  Overlord x4  
  130  12:00  Hatchery  
  129  12:10  Zergling x2  
  129  12:11  Overlord x4  
  130  12:36  Corruptor x5  
  130  12:37  Corruptor x3  
  125  13:17  Corruptor x6  
  135  13:51  Zergling x14  
  135  13:52  Zergling x16  
  135  13:53  Zergling x2  
  151  13:59  Baneling Nest  
  148  14:19  Zergling x12  
  148  14:20  Zergling x18  
  148  14:21  Zergling x12  
  148  14:22  Zergling x12  
  119  15:09  Greater Spire  
  119  15:10  Zerg Flyer Weapons Level 3  
  119  15:30  Corruptor x5  
  119  15:31  Corruptor x8  
  119  15:34  Zergling x8  
  141  15:40  Extractor  
  115  15:43  Extractor  
  115  15:44  Pneumatized Carapace  
  110  16:27  Brood Lord x3  
  110  16:30  Brood Lord  
  118  16:34  Zergling x6  
  121  16:49  Zerg Melee Weapons Level 3  
  121  17:04  Brood Lord  
  120  17:32  Brood Lord x2  
  124  17:40  Hatchery  
  123  17:54  Adrenal Glands  
  121  19:20  Zergling x4  
  121  19:21  Zergling x16  
  121  19:22  Zergling x14  
  121  19:23  Zergling x16  
  121  19:24  Zergling x16  
  149  19:25  Zergling x8  
  158  19:36  Queen  
  154  20:23  Brood Lord x2  
  154  20:24  Brood Lord x7  
  154  20:25  Brood Lord  
  174  20:29  Overlord x3  
  174  20:30  Overlord  
Show
View Real Time Build Order
Export as new Build Order

kibae Protoss 

Build Orders: Oracle Opening 

Get SALT Encoding   

  12  0:02  Probe (Chrono Boost)  
  13  0:12  Probe (Chrono Boost)  
  14  0:25  Probe (Chrono Boost)  
  14  0:28  Pylon  
  15  0:39  Assimilator  
  15  0:46  Probe (Chrono Boost)  
  16  0:51  Gateway  
  16  0:56  Probe (Chrono Boost)  
  17  1:01  Pylon  
  17  1:07  Probe (Chrono Boost)  
  18  1:17  Probe (Chrono Boost)  
  19  1:21  Pylon  
  19  1:25  Assimilator  
  19  1:28  Probe (Chrono Boost)  
  20  1:38  Probe (Chrono Boost)  
  21  1:46  Cybernetics Core  
  21  1:49  Pylon, Probe (Chrono Boost)  
  22  2:17  Nexus  
  22  2:26  Probe (Chrono Boost)  
  23  2:38  Stargate  
  23  2:42  Probe (Chrono Boost)  
  24  2:52  Probe (Chrono Boost)  
  25  3:03  Probe (Chrono Boost)  
  26  3:07  Assimilator  
  26  3:12  Assimilator  
  26  3:13  Probe (Chrono Boost)  
  27  3:23  Oracle  
  27  3:24  Probe (Chrono Boost)  
  31  3:33  Fleet Beacon  
  31  3:34  Probe (Chrono Boost)  
  32  3:42  Pylon, Protoss Air Weapons Level 1  
  32  3:45  Probe (Chrono Boost)  
  32  3:46  Probe (Chrono Boost)  
  35  3:55  Probe (Chrono Boost)  
  35  3:56  Probe (Chrono Boost)  
  36  4:06  Probe (Chrono Boost)  
  36  4:07  Probe (Chrono Boost)  
  38  4:16  Probe (Chrono Boost)  
  39  4:17  Probe (Chrono Boost)  
  40  4:27  Probe (Chrono Boost)  
  40  4:28  Probe (Chrono Boost)  
  42  4:38  Probe (Chrono Boost)  
  43  4:48  Probe (Chrono Boost)  
  48  4:58  Stargate  
  48  5:00  Stargate  
  44  5:57  Tempest (Chrono Boost)  
  56  6:02  Tempest (Chrono Boost)  
  56  6:03  Tempest (Chrono Boost)  
  56  6:34  Tempest (Chrono Boost)  
  68  6:45  Tempest x2 (Chrono Boost)  
  68  7:14  Pylon  
  68  7:15  Pylon  
  68  7:17  Pylon  
  68  7:18  Pylon  
  68  7:33  Tempest x3 (Chrono Boost)  
  80  7:39  Protoss Air Weapons Level 2 (Chrono Boost)  
  80  8:15  Tempest x2  
  80  8:17  Tempest  
  89  9:40  Protoss Air Armor Level 1 (Chrono Boost)  
  77  10:53  Tempest x3  
  89  11:20  Protoss Air Weapons Level 3 (Chrono Boost)  
  89  11:35  Tempest  
  89  11:36  Tempest x2  
  101  13:12  Assimilator x2  
  101  13:14  Pylon  
  101  13:15  Pylon x2, Nexus  
  101  13:19  Pylon  
  101  13:32  Tempest x2  
  101  13:33  Tempest  
  113  15:27  Tempest  
  113  15:28  Tempest x2  
  125  16:10  Tempest x2  
  125  16:11  Tempest  
  129  16:53  Pylon, Tempest x3  
  141  16:54  Pylon  
  141  16:55  Pylon  
  141  16:58  Pylon  
  141  17:19  Gateway  
  141  17:20  Gateway x2  
  141  17:24  Gateway  
  141  17:26  Gateway  
  141  17:27  Gateway  
  141  17:28  Twilight Council  
  141  17:32  Forge  
  141  17:36  Tempest x2  
  145  18:56  Warp Gate (Chrono Boost)  
  145  19:02  Charge  
  145  19:29  Zealot x6  
  145  19:30  Zealot  
  159  19:56  Zealot x5  
  159  19:57  Zealot x2  
  165  20:23  Zealot x3  
Show
View Real Time Build Order
Export as new Build Order

JohnMcClane Zerg 

Build Orders: Pool First 

Get SALT Encoding   

  12  0:01  Drone  
  13  0:14  Overlord  
  13  0:19  Drone  
  14  0:35  Spawning Pool  
  14  0:37  Drone  
  14  0:41  Drone  
  15  0:46  Drone  
  16  0:54  Drone  
  17  1:03  Extractor  
  16  1:06  Drone  
  17  1:13  Drone  
  18  1:24  Drone  
  19  1:31  Hatchery  
  18  1:35  Drone  
  18  1:39  Extractor  
  18  1:46  Drone  
  19  1:53  Queen  
  21  1:55  Overlord  
  21  2:04  Drone  
  22  2:14  Drone  
  23  2:26  Drone  
  23  2:28  Roach Warren  
  23  2:30  Lair  
  23  2:42  Queen  
  25  2:46  Drone x2  
  27  3:00  Drone  
  28  3:14  Roach x4  
  28  3:15  Overlord  
  28  3:16  Overlord  
  36  3:31  Glial Reconstitution  
  36  3:39  Roach x5  
  46  3:50  Roach x2  
  50  3:59  Overlord  
  50  4:00  Drone x2  
  50  4:01  Overlord  
  50  4:26  Roach x6  
  62  4:34  Overlord  
  56  4:49  Roach x4  
  56  4:50  Drone  
  51  5:08  Drone  
  51  5:09  Drone  
  51  5:10  Drone  
  51  5:13  Ravager  
  55  5:15  Spore Crawler  
  55  5:18  Spore Crawler  
  55  5:19  Spore Crawler  
  52  5:27  Drone x3  
  55  5:38  Ravager  
  55  5:41  Overseer  
  56  5:47  Drone x7  
  63  5:50  Extractor  
  63  5:53  Evolution Chamber  
  61  6:22  Extractor  
  61  6:23  Zerg Missile Weapons Level 1  
  60  6:36  Drone  
  60  6:37  Drone x3  
  64  6:49  Spine Crawler, Spore Crawler  
  64  6:51  Roach x7  
  64  6:53  Overlord x2  
  64  6:54  Overlord  
  76  7:08  Hydralisk Den  
  75  7:12  Evolution Chamber  
  74  7:28  Drone x5  
  71  7:35  Overlord, Roach x5  
  75  7:39  Zerg Ground Armor Level 1  
  75  7:42  Hatchery  
  74  7:44  Muscular Augments  
  74  8:02  Queen x2  
  78  8:30  Spire  
  77  9:00  Drone x4  
  81  9:19  Drone x9, Overlord  
  81  9:20  Overlord x3  
  90  9:24  Spore Crawler, Extractor  
  90  9:29  Spore Crawler  
  87  9:45  Corruptor x8  
  103  10:04  Hydralisk x3  
  103  10:05  Hydralisk x2  
  83  10:57  Extractor  
  75  11:21  Roach x11  
  75  11:22  Roach x8  
  111  11:38  Queen  
  113  11:40  Zerg Flyer Weapons Level 1  
  111  12:13  Corruptor  
  111  12:15  Overlord x4  
  113  12:17  Spore Crawler  
  112  12:24  Overlord x3  
  112  12:41  Overlord x2  
  112  12:44  Hatchery  
  111  12:57  Roach x11  
  133  12:58  Spore Crawler x2  
  133  13:00  Extractor  
  130  13:16  Corruptor x2  
  130  13:17  Corruptor  
  94  13:54  Roach x9  
  112  14:00  Queen  
  86  14:56  Roach x3  
  86  14:57  Roach x11  
  88  15:33  Corruptor x4  
  98  15:53  Corruptor x3  
  78  16:57  Hatchery  
  49  17:35  Extractor  
  48  17:40  Extractor  
  47  17:49  Zerg Flyer Armor Level 1  
  47  17:50  Corruptor x4  
  55  18:19  Corruptor x2  
  59  18:56  Hatchery, Extractor  
  59  18:57  Extractor  
  56  19:19  Corruptor x3  
  56  19:20  Corruptor x2  
  66  19:50  Corruptor x4  
  74  20:12  Corruptor x3  
Show
View Real Time Build Order
Export as new Build Order

MadDog Zerg 

Build Orders: Pool First 

Get SALT Encoding   

  12  0:02  Drone  
  13  0:14  Overlord  
  13  0:17  Drone  
  14  0:28  Extractor  
  13  0:43  Spawning Pool  
  13  0:44  Drone x2  
  14  0:54  Drone  
  14  0:56  Drone  
  16  1:12  Drone  
  17  1:28  Hatchery  
  17  1:29  Drone x2  
  18  1:41  Extractor  
  18  1:42  Drone  
  18  1:49  Drone  
  18  1:52  Metabolic Boost  
  19  1:59  Queen  
  21  2:04  Drone  
  22  2:20  Overlord  
  22  2:38  Overlord, Queen  
  22  2:39  Drone  
  25  2:49  Roach Warren  
  24  2:54  Drone  
  24  2:55  Drone  
  26  3:25  Drone x3  
  29  3:29  Zergling x6  
  32  3:40  Zergling x2  
  33  3:50  Lair  
  35  3:55  Roach  
  35  3:56  Roach x3  
  35  3:59  Roach  
  35  4:00  Overlord  
  43  4:42  Drone x4  
  47  4:49  Roach x2  
  47  4:50  Overlord  
  51  5:03  Hydralisk Den, Glial Reconstitution  
  46  5:34  Roach  
  46  5:35  Roach x6  
  60  5:36  Overlord  
  60  5:37  Overlord x2  
  60  5:55  Evolution Chamber  
  59  6:02  Evolution Chamber  
  56  6:14  Extractor  
  56  6:18  Overlord x2, Extractor  
  54  6:19  Drone  
  55  6:26  Drone x3  
  58  6:47  Pneumatized Carapace  
  58  6:49  Hydralisk  
  58  6:50  Hydralisk x3  
  66  6:57  Zerg Ground Armor Level 1  
  66  6:59  Zerg Missile Weapons Level 1  
  66  7:11  Infestation Pit  
  65  7:19  Hatchery  
  64  7:29  Hydralisk, Roach  
  66  7:30  Hydralisk x7  
  83  7:44  Drone x3  
  83  7:49  Drone  
  86  8:10  Hydralisk  
  86  8:11  Hydralisk x4  
  96  8:13  Roach x2  
  96  8:14  Overlord  
  100  8:27  Overlord  
  100  8:34  Hive  
  100  9:12  Hydralisk x7  
  100  9:16  Roach  
  117  9:17  Zergling x2  
  111  10:12  Drone x4  
  111  10:13  Hydralisk x2  
  109  10:27  Hydralisk  
  109  10:28  Hydralisk x6  
  117  11:03  Hydralisk x2  
  117  11:04  Hydralisk x3  
  115  11:05  Overlord  
  115  11:06  Overlord x4  
  115  11:09  Zerg Ground Armor Level 2  
  97  11:27  Hydralisk  
  97  11:28  Hydralisk x3  
  105  11:34  Drone x2  
  105  11:38  Drone  
  105  11:39  Drone  
  109  12:04  Hatchery  
  106  12:35  Hydralisk x4  
  106  12:36  Hydralisk x5  
  124  12:49  Zerg Missile Weapons Level 2  
  124  13:25  Zerg Melee Weapons Level 1  
  116  13:54  Hydralisk  
  116  13:55  Hydralisk x4  
  112  13:56  Hydralisk x4  
  128  14:08  Hydralisk x3  
  63  15:05  Hydralisk x2  
  63  15:06  Hydralisk x7  
  75  15:40  Zerg Missile Weapons Level 3  
  75  15:41  Hatchery, Zerg Ground Armor Level 3  
  74  15:53  Queen  
  76  15:59  Queen  
  66  16:32  Hydralisk x5  
  64  16:33  Hydralisk x4  
  64  16:36  Zergling x6  
  81  17:06  Zergling x2  
  81  17:07  Zergling x14  
  81  17:08  Zergling x4  
  91  17:39  Muscular Augments  
  91  17:43  Adrenal Glands  
  91  17:53  Zergling x2  
  91  17:54  Zergling x16  
  91  17:55  Zergling x24  
  91  17:56  Zergling x4  
  71  19:02  Roach  
  71  19:03  Zergling x10  
  71  19:04  Zergling x22  
  71  19:05  Zergling x8  
  77  19:33  Zergling x8  
  77  19:34  Zergling x6  
  33  20:16  Hydralisk  
  33  20:17  Hydralisk x9  
  33  20:18  Hydralisk x5  
Show
View Real Time Build Order
Export as new Build Order

Hindulaatti Terran 

Build Orders: Mech 

Get SALT Encoding   

  12  0:01  SCV  
  13  0:13  SCV  
  14  0:18  Supply Depot  
  14  0:25  SCV  
  15  0:40  SCV  
  16  0:45  Barracks  
  16  0:54  SCV  
  17  0:57  Refinery  
  17  1:06  SCV  
  18  1:18  SCV  
  19  1:33  Command Center  
  19  1:37  Orbital Command  
  19  1:41  Marine  
  20  1:53  Supply Depot  
  20  2:00  Factory  
  20  2:04  SCV  
  20  2:07  Marine  
  22  2:16  SCV  
  23  2:28  SCV  
  24  2:31  Refinery  
  24  2:37  Barracks Reactor  
  24  2:40  SCV  
  24  2:44  Bunker  
  25  2:54  Bunker  
  25  3:00  Supply Depot, SCV  
  25  3:03  Factory Tech Lab  
  26  3:08  Orbital Command, Factory  
  26  3:12  SCV  
  27  3:14  Marine x2  
  29  3:22  Engineering Bay  
  29  3:27  Supply Depot  
  29  3:30  SCV  
  30  3:34  SCV  
  31  3:44  SCV  
  31  3:46  SCV  
  31  3:47  Barracks Reactor  
  33  3:51  Supply Depot  
  33  3:56  SCV  
  33  3:57  Missile Turret  
  33  3:58  SCV  
  33  3:59  Siege Tank  
  40  4:03  Hellion  
  40  4:08  SCV  
  41  4:10  SCV, Hellion  
  44  4:17  Supply Depot  
  44  4:20  SCV  
  44  4:22  SCV, Terran Infantry Weapons Level 1  
  46  4:28  Starport  
  46  4:29  Marine  
  47  4:36  SCV x2  
  49  4:39  Siege Tank  
  49  4:43  Refinery  
  49  4:44  Refinery  
  52  4:48  SCV x2  
  52  4:49  Hellion  
  52  4:52  Widow Mine  
  60  5:06  Supply Depot  
  58  5:07  Supply Depot, Missile Turret  
  58  5:08  SCV x2  
  58  5:09  Missile Turret  
  60  5:20  Medivac  
  62  5:21  Barracks Tech Lab  
  62  5:26  SCV x2  
  64  5:33  Siege Tank, Hellion x2  
  69  5:38  Infernal Pre-Igniter  
  67  5:47  Factory  
  67  5:48  SCV x2  
  69  5:56  Hellion x2  
  73  6:05  SCV x2  
  73  6:06  Factory  
  73  6:10  Barracks Reactor  
  75  6:15  Siege Tank  
  78  6:19  SCV x2  
  80  6:29  Armory  
  80  6:32  Factory Reactor  
  80  6:35  Hellion x2  
  80  6:39  Supply Depot  
  84  6:40  Supply Depot  
  84  6:42  SCV x2  
  86  6:47  Missile Turret  
  86  6:48  Hellion  
  88  6:58  Medivac, Viking  
  92  7:05  SCV x2  
  92  7:06  Hellion x2  
  92  7:07  Siege Tank  
  101  7:09  Hellion x3  
  107  7:18  Supply Depot  
  107  7:20  Supply Depot  
  107  7:22  Supply Depot, Terran Vehicle Weapons Level 1  
  107  7:23  Supply Depot  
  107  7:28  Command Center  
  107  7:38  Siege Tank  
  107  7:40  Siege Tank, Hellion x2  
  107  7:41  Widow Mine  
  107  7:43  SCV  
  116  8:11  Supply Depot, Siege Tank  
  116  8:12  Siege Tank, Hellion x3  
  130  8:13  Medivac, Supply Depot, Hellion  
  132  8:22  Hellion  
  132  8:36  Viking  
  132  8:40  Supply Depot  
  132  8:43  Viking, Thor  
  136  8:51  Orbital Command  
  136  8:54  Widow Mine x4  
  142  9:09  Viking  
  143  9:10  Marine  
  143  9:11  Marine  
  143  9:13  Viking  
  114  9:39  Viking  
  114  9:43  Viking  
  110  10:05  Factory Tech Lab  
  90  10:08  Refinery  
  90  10:09  Viking  
  90  10:13  Viking  
  82  10:24  Siege Tank  
  82  10:25  Siege Tank, Hellion x4  
  90  10:38  SCV x2  
  90  10:39  Viking  
  94  10:43  Viking  
  94  10:45  Marine x2  
  94  10:47  Terran Vehicle Weapons Level 2  
  94  10:48  Orbital Command  
  98  10:50  SCV x2  
  100  11:00  Orbital Command  
  100  11:10  Marine  
  100  11:11  Marine  
  102  11:13  Siege Tank x2  
  102  11:14  Hellion  
  102  11:15  Refinery  
  110  11:18  Missile Turret  
  110  11:22  Missile Turret  
  110  11:35  Command Center  
  110  11:40  Hellion  
  110  11:45  Cyclone  
  115  11:57  Viking  
  115  11:58  Viking  
  119  12:05  Refinery  
  119  12:16  Widow Mine x2  
  119  12:17  Siege Tank x2  
  119  12:21  Hellion x2  
  133  12:42  Hellion x2  
  137  12:47  Widow Mine  
  137  12:48  Widow Mine  
  137  12:49  Thor  
  137  12:50  Hellion  
  140  13:03  Hellion x2  
  121  13:13  Widow Mine  
  121  13:16  Widow Mine  
  121  13:17  Viking x2, Hellion  
  129  13:25  Hellion x2  
  129  13:32  Thor  
  127  13:42  Thor  
  127  13:47  Viking x2  
  129  13:58  Widow Mine x2  
  129  13:59  Widow Mine x2  
  134  14:07  Marine x2  
  136  14:15  Thor  
  134  14:17  Viking x2  
  132  14:25  Thor  
  132  14:27  Widow Mine x2  
  140  14:32  Widow Mine x2  
  136  14:45  Orbital Command  
  136  14:57  Thor  
  136  15:05  Widow Mine x3  
  136  15:06  Widow Mine  
  140  15:08  Thor  
  140  15:11  Starport  
  140  15:12  Starport  
  140  15:13  Starport  
  146  15:34  Widow Mine x4  
  151  15:41  Refinery  
  138  15:43  Missile Turret  
  138  15:45  Missile Turret  
  138  15:46  Refinery  
  138  15:57  Siege Tank x2  
  138  15:59  Viking  
  138  16:00  Viking  
  138  16:03  Hellion x4  
  156  16:04  Viking  
  148  16:24  Hellion  
  144  16:29  Viking, Siege Tank  
  144  16:30  Viking  
  134  16:46  Viking x3  
  140  16:49  Hellion x3  
  140  16:50  Hellion x2  
  146  16:59  Viking x2  
  150  17:01  Hellion  
  148  17:10  Hellion  
  148  17:11  Hellion x2  
  148  17:14  Marine x2  
  148  17:16  Viking x3  
  148  17:20  Liberator x2  
  145  17:28  Liberator  
  145  17:29  Liberator x2  
  139  17:47  Terran Ship Weapons Level 1  
  148  18:02  Liberator x2  
  148  18:18  Liberator x2  
  150  18:32  Hellion x3  
  150  18:33  Hellion x3  
  146  18:36  Command Center  
  146  18:40  Thor  
  146  18:41  Widow Mine, Thor  
  106  18:59  Viking  
  106  19:02  Viking x2  
  82  19:23  Thor  
  87  19:29  Viking x2  
  91  19:38  Widow Mine x2  
  87  20:06  Viking  
  80  20:17  Medivac  
  77  20:35  Orbital Command  
  77  20:36  Viking  
  77  20:39  Orbital Command  
Tags
 
Add a new tag
Caveats
  • Supply blocks, unpowered buildings, or Contaminate may cause inaccurate times.
  • Supply counts are checked every 10 seconds.